 Dungeon Crawl Stone Soup version 0.28-a0-773-g130ae17fe5 (webtiles) character file.

Game seed: 3665943416957961575

3 RepHenryClay the Shield-Bearer (level 1, 0/11 HPs)
             Began as a Vine Stalker Fighter on Nov 2, 2021.
             Succumbed to a goblin's poison
             ... on level 1 of the Dungeon.
             The game lasted 00:00:26 (262 turns).

RepHenryClay the Shield-Bearer (VSFi)                Turns: 262, Time: 00:00:27

Health: 0/11       AC:  6    Str: 18    XL:     1   Next: 50%
Magic:  2/2        EV:  9    Int:  8    God:
Gold:   15         SH:  4    Dex: 13    Spells: 0/0 levels left

rFire   . . .      SeeInvis .   a - +0 long sword
rCold   . . .      Faith    .   c - +0 buckler
rNeg    . . .      Spirit   +   b - +0 scale mail
rPois   .          Reflect  .   (no helmet)
rElec   .          Harm     .   (no cloak)
rCorr   .          Rampage  .   (no gloves)
Will    .....                   (no boots)
Stlth   ..........              (no amulet)
HPRegen 0.03/turn               (no ring)
MPRegen 0.08/turn               (no ring)

@: lethally poisoned (0 -> -6)
A: fangs 2, magic shield, antimagic bite, no potion heal 2
a: no special abilities


You were on level 1 of the Dungeon.
You visited 1 branch of the dungeon, and saw 1 of its levels.

You collected 15 gold pieces.

Inventory:

Hand Weapons
 a - a +0 long sword (weapon)
Armour
 b - a +0 scale mail (worn)
 c - a +0 buckler (worn)
Scrolls
 e - a scroll of enchant armour {unknown}
Potions
 d - a potion of might


   Skills:
 - Level 2.6 Fighting
 + Level 2.1 Long Blades
 - Level 2.4 Armour
 - Level 2.6 Shields


You couldn't memorise any spells.
You didn't know any spells.
Your spell library was empty.

Dungeon Overview and Level Annotations

Branches:
Dungeon (1/15)

Altars:


Innate Abilities, Weirdness & Mutations

You have extremely sharp teeth.
When hurt, damage is shared between your health and your magic reserves.
Your bite disrupts and absorbs the magic of your enemies.
Potions cannot restore your health.


Message History

You kill the kobold!
Things that are here:
a +0 short sword; a kobold corpse A kobold comes into view.
It is wielding a +0 short sword.
A kobold is nearby!
The kobold throws a stone.
The stone barely misses you. The kobold barely misses you.
There is a stone staircase leading down here.
You closely miss the kobold. The kobold closely misses you.
You hit the kobold but do no damage. You bite the kobold. You drain its power.
The kobold is moderately wounded.
The kobold hits you with a +0 short sword.
Damage: -9%(-1hp) hp: 82%(9hp)
You closely miss the kobold. You bite the kobold, but do no damage.
The kobold is moderately wounded.
The kobold hits you with a +0 short sword. x2
Huge Dmg: -36%(-4hp) hp: 46%(5hp)
You hit the kobold.
You kill the kobold!
You start resting.
Magic restored.
You start resting.
A goblin comes into view.
It is wielding a +0 dagger and quivering poisoned darts.
The goblin shouts!
The goblin throws a poisoned dart.
The poisoned dart hits you!
You are lethally poisoned!
You feel very sick.
Things that are here:
a +0 short sword; a kobold corpse; Huge Dmg: -27%(-3hp) hp: 46%(5hp)
Okay, then.
* * * LOW HITPOINT WARNING * * *
You feel sick.
Damage: -9%(-1hp) hp: 37%(4hp)
You barely miss the goblin. Your bite misses the goblin.
* * * LOW HITPOINT WARNING * * *
You feel sick. The goblin closely misses you.
Huge Dmg: -18%(-2hp) hp: 19%(2hp)
You slash the goblin!
You kill the goblin!
You die...

# #. #.# ###.....
#.#.##.##.######.......
#.#.............######.
##.#.#.##.#####.# #.
#.....).# # #.# #.
##.#.#>##.# ##.## .
#....$..#.####††.#####.
##.#)#.#...............
#....@..######...######
##.#.#)#### ##.##
#..##....# #.#
##.#####.#####.#
#.............#
#######.####### #.# #.#
#.#


There were no monsters in sight!

Vanquished Creatures
  A giant cockroach (D:1)
  A goblin (D:1)
  A frilled lizard (D:1)
  2 kobolds (D:1)
5 creatures vanquished.

Notes
Turn   | Place    | Note
-------+----------+-------------------------------------------
     0 | D:1      | RepHenryClay the Vine Stalker Fighter began the quest for
                  | the Orb.
     0 | D:1      | Reached XP level 1. HP: 11/11 MP: 2/2
   262 | D:1      | Succumbed to a goblin's poison

Illustrated notes

Levels and vault maps discovered:
D:1:      mrwooster_arrival_statue, layout_loops_ring,
          ebering_dispersal_statue_hall, st_stairs_8, nrook_uturn

Skill      XL: |  1 |
---------------+----+-----
Long Blades    | 2 |  2.1
Fighting       | |  2.6
Armour         | |  2.4
Shields        | |  2.6

Action                   || total
-------------------------++-------
Melee: Long sword        ||    18
       Bite              ||     5
Armor: Scale mail        ||     6
Dodge: Dodged            ||     7
Block: Buckler           ||     2

Table legend: (Time is in decaauts)
 A = Elapsed time spent in this place.
 B = Non-inter-level travel time spent in this place.
 C = Inter-level travel time spent in this place.
 D = Time resting spent in this place.
 E = Time spent auto-exploring this place.
 F = Levels seen in this place.
 G = Mean time per level.
                   A        B        C        D        E       F      G
               +--------+--------+--------+--------+--------+-----+--------+
         Total |    268 |    268 |      0 |    106 |    120 |   1 |  268.0 |
       Dungeon |    268 |    268 |      0 |    106 |    120 |   1 |  268.0 |
               +--------+--------+--------+--------+--------+-----+--------+

Top non-repeatable levels by time:
     D:1: 268 daAuts
